Map: Deathaura LE

Players

Astrea - Winner!

  • Race: Protoss Protoss
  • League: Master
  • Spawn Location: 5:00

Trap

  • Race: Protoss Protoss
  • League: Master
  • Spawn Location: 11:00

Event: DreamHack SC2 Masters 2020 Winter

VOD

Have the link to the VOD?

Description

Time

  • Played on: Nov. 12, 2020, 11:34 a.m.
  • Length: 17:17

All games in this series

Show
View Real Time Build Order
Export as new Build Order

Astrea Protoss - Winner!

Build Orders:  

Get SALT Encoding   

  12  0:00  Probe  
  13  0:12  Probe  
  14  0:17  Pylon  
  14  0:24  Probe (Chrono Boost)  
  15  0:36  Gateway, Probe (Chrono Boost)  
  16  0:44  Probe (Chrono Boost)  
  16  0:47  Assimilator  
  17  0:51  Probe  
  18  0:57  Assimilator  
  18  1:03  Probe (Chrono Boost)  
  19  1:05  Pylon  
  20  1:12  Probe (Chrono Boost)  
  20  1:17  Probe (Chrono Boost)  
  20  1:23  Cybernetics Core  
  21  1:29  Probe  
  22  1:41  Probe  
  23  1:54  Probe  
  23  1:59  Stalker (Chrono Boost)  
  23  2:00  Warp Gate  
  26  2:21  Sentry (Chrono Boost)  
  26  2:22  Nexus  
  28  2:28  Robotics Facility  
  28  2:31  Shield Battery  
  28  2:34  Pylon  
  28  2:38  Probe  
  29  2:46  Sentry  
  31  2:52  Probe  
  31  2:56  Gateway  
  32  3:04  Probe  
  33  3:05  Shield Battery  
  33  3:12  Sentry  
  35  3:16  Immortal (Chrono Boost)  
  38  3:22  Probe  
  39  3:34  Probe  
  40  3:41  Shield Battery  
  40  3:46  Immortal (Chrono Boost)  
  44  3:51  Probe  
  44  3:55  Stalker  
  45  4:00  Stalker  
  42  4:03  Probe  
  42  4:05  Probe (Chrono Boost)  
  44  4:15  Probe (Chrono Boost)  
  45  4:18  Observer  
  45  4:23  Probe (Chrono Boost)  
  48  4:25  Probe (Chrono Boost)  
  48  4:29  Probe (Chrono Boost)  
  48  4:30  Probe (Chrono Boost)  
  49  4:36  Sentry  
  52  4:39  Pylon  
  52  4:41  Probe  
  52  4:42  Probe  
  52  4:44  Shield Battery  
  53  4:53  Probe  
  48  5:01  Probe  
  48  5:02  Warp Prism (Chrono Boost)  
  48  5:05  Stalker x2, Probe  
  55  5:14  Probe  
  55  5:15  Pylon  
  55  5:17  Probe  
  57  5:26  Probe  
  58  5:29  Probe  
  58  5:33  Stalker x2  
  63  5:38  Probe (Chrono Boost)  
  65  5:47  Probe (Chrono Boost)  
  66  5:50  Probe (Chrono Boost)  
  66  5:55  Probe x2 (Chrono Boost)  
  66  6:04  Stalker  
  66  6:05  Probe  
  66  6:06  Probe  
  66  6:09  Assimilator, Pylon  
  66  6:10  Assimilator  
  70  6:24  Nexus  
  70  6:27  Observer, Probe x2  
  70  6:28  Forge  
  70  6:30  Twilight Council  
  72  6:39  Probe x2  
  74  6:45  Blink (Chrono Boost)  
  74  6:51  Probe x2  
  74  6:53  Protoss Ground Weapons Level 1 (Chrono Boost)  
  76  6:58  Pylon  
  76  7:01  Gateway  
  76  7:02  Gateway, Pylon  
  75  7:09  Probe x2, Templar Archives  
  77  7:17  Gateway  
  77  7:18  Gateway  
  77  7:22  Probe x2  
  79  7:31  Shield Battery  
  79  7:34  Probe x2  
  80  7:38  Probe  
  80  7:44  Stalker x2  
  80  7:46  Probe x2  
  80  7:47  Observer  
  80  7:50  Probe  
  88  7:53  Photon Cannon  
  88  7:58  High Templar x2, Probe  
  93  8:02  Archon  
  93  8:03  Probe x2  
  95  8:14  High Templar x2, Zealot  
  95  8:15  Zealot  
  95  8:16  Probe x3  
  95  8:19  Pylon  
  106  8:21  Pylon  
  106  8:22  Archon  
  106  8:24  Pylon  
  106  8:25  Assimilator  
  106  8:26  Assimilator  
  106  8:29  Protoss Ground Weapons Level 2 (Chrono Boost)  
  106  8:30  Gateway  
  106  8:31  Gateway  
  106  8:35  Charge  
  106  8:36  Probe x2  
  108  8:42  Zealot x2  
  108  8:43  Zealot  
  114  8:55  Pylon  
  114  9:00  High Templar  
  114  9:01  High Templar, Zealot  
  114  9:02  Zealot x2  
  124  9:03  Zealot  
  124  9:06  Archon  
  124  9:08  Pylon  
  126  9:15  Observer  
  127  9:22  Gateway  
  127  9:27  High Templar x2, Zealot x4  
  127  9:30  Pylon  
  139  9:33  Archon  
  139  9:38  Pylon, Nexus  
  139  9:49  High Templar x2, Zealot x4  
  139  9:50  Observer  
  150  9:53  Pylon  
  150  9:54  Pylon  
  150  9:55  Pylon  
  150  9:56  Archon  
  150  10:05  High Templar x2  
  150  10:06  Observer  
  152  10:10  Archon  
  152  10:11  Shield Battery  
  152  10:13  Photon Cannon  
  152  10:14  Photon Cannon  
  152  10:19  High Templar x2, Zealot x3  
  162  10:23  Archon  
  162  10:25  Zealot x2  
  134  10:44  Zealot x4  
  134  10:45  Zealot  
  120  10:53  Protoss Ground Weapons Level 3 (Chrono Boost)  
  120  10:58  Zealot x4  
  124  11:10  Probe x4  
  128  11:19  High Templar x3  
  128  11:20  High Templar  
  128  11:21  Zealot x5  
  128  11:25  Archon x2  
  146  11:50  Observer  
  146  11:51  High Templar x2  
  146  11:52  High Templar x2, Zealot x5  
  164  11:56  Archon  
  164  11:57  Archon  
  156  12:06  Probe x4  
  160  12:09  Gateway  
  160  12:10  Gateway  
  160  12:11  Gateway  
  159  12:16  Observer x2  
  159  12:17  High Templar x2  
  159  12:18  Zealot x3  
  159  12:19  Probe x3  
  159  12:20  Probe  
  159  12:22  Photon Cannon  
  174  12:24  Photon Cannon  
  174  12:25  High Templar x2, Archon  
  174  12:26  Zealot x2  
  174  12:28  Assimilator x2  
  182  12:30  Gateway x2  
  182  12:32  Warp Prism  
  182  12:33  Archon  
  182  12:42  Zealot  
  182  12:43  Zealot x2  
  190  12:46  Robotics Bay  
  190  12:50  Robotics Facility x2  
  190  13:05  Pylon  
  190  13:12  Dark Shrine  
  186  13:21  Zealot x9  
  186  13:24  Protoss Shields Level 1 (Chrono Boost)  
  184  13:33  Zealot x5  
  178  13:37  Disruptor x3 (Chrono Boost)  
  152  13:50  Zealot x6  
  148  13:58  Zealot x9  
  146  14:10  Disruptor x3 (Chrono Boost)  
  153  14:17  Observer  
  153  14:21  Gravitic Boosters  
  153  14:27  Shadow Stride (Chrono Boost)  
  153  14:40  Nexus  
  153  14:41  Stalker x6  
  165  15:03  Disruptor x3 (Chrono Boost)  
  165  15:05  Observer  
  165  15:06  High Templar x3  
  180  15:07  High Templar, Zealot x3  
  180  15:10  Observer  
  187  15:15  Archon x2, Photon Cannon  
  187  15:17  Photon Cannon  
  187  15:19  Shield Battery  
  187  15:29  Gravitic Drive  
  185  15:36  Observer x3 (Chrono Boost)  
  188  15:57  Observer  
  172  16:06  Dark Templar  
  172  16:07  Dark Templar x5  
  172  16:08  Zealot  
  172  16:09  Zealot x7  
  161  16:31  Stalker x7  
  171  16:39  Observer  
  145  16:56  Stalker x9  
Show
View Real Time Build Order
Export as new Build Order

Trap Protoss 

Build Orders: Oracle Opening 

Get SALT Encoding   

  12  0:00  Probe  
  13  0:12  Probe  
  14  0:17  Pylon  
  14  0:24  Probe (Chrono Boost)  
  15  0:36  Probe (Chrono Boost)  
  15  0:37  Gateway  
  16  0:45  Probe (Chrono Boost)  
  16  0:47  Assimilator  
  17  0:51  Probe  
  18  0:58  Assimilator  
  18  1:03  Probe (Chrono Boost)  
  19  1:08  Gateway  
  19  1:13  Probe (Chrono Boost)  
  19  1:18  Probe (Chrono Boost)  
  20  1:24  Cybernetics Core  
  21  1:29  Probe  
  22  1:34  Pylon  
  22  1:41  Probe  
  23  1:53  Probe  
  24  2:00  Adept  
  24  2:01  Warp Gate, Adept  
  28  2:09  Pylon  
  28  2:17  Stargate  
  28  2:30  Adept  
  28  2:31  Adept  
  32  2:58  Oracle (Chrono Boost)  
  35  3:06  Nexus  
  35  3:10  Probe  
  36  3:16  Pylon  
  36  3:22  Probe  
  37  3:31  Oracle (Chrono Boost)  
  37  3:34  Probe  
  41  3:42  Twilight Council  
  41  3:46  Probe  
  38  3:59  Void Ray (Chrono Boost)  
  39  4:07  Stalker  
  39  4:09  Stalker  
  46  4:12  Shield Battery  
  46  4:16  Shield Battery  
  46  4:28  Probe x2 (Chrono Boost)  
  48  4:33  Robotics Facility  
  48  4:40  Probe (Chrono Boost)  
  50  4:46  Probe (Chrono Boost)  
  50  4:48  Probe (Chrono Boost)  
  50  4:52  Probe (Chrono Boost)  
  50  4:54  Probe, Void Ray  
  49  5:03  Pylon  
  49  5:04  Probe  
  49  5:05  Pylon  
  49  5:06  Probe  
  55  5:13  Adept x2  
  59  5:16  Probe  
  59  5:18  Probe  
  61  5:23  Observer (Chrono Boost)  
  61  5:26  Assimilator  
  61  5:27  Assimilator  
  61  5:28  Probe  
  63  5:31  Probe  
  63  5:32  Pylon  
  64  5:39  Immortal (Chrono Boost)  
  64  5:40  Probe  
  69  5:46  Gateway  
  69  5:51  Forge  
  69  5:53  Probe x2  
  71  6:03  Stalker x2  
  71  6:13  Gateway  
  71  6:14  Gateway  
  71  6:18  Immortal (Chrono Boost)  
  75  6:29  Photon Cannon, Sentry x2  
  79  6:37  Shield Battery  
  79  6:38  Pylon  
  79  6:48  Immortal (Chrono Boost)  
  79  6:50  Sentry  
  79  6:51  Protoss Ground Weapons Level 1 (Chrono Boost)  
  85  7:05  Twilight Council, Probe x2  
  87  7:15  Nexus  
  87  7:19  Pylon  
  87  7:20  Pylon  
  87  7:33  Gateway  
  87  7:35  Gateway  
  84  7:47  Gateway  
  84  7:48  Gateway  
  84  7:49  Charge (Chrono Boost)  
  84  7:58  Templar Archives  
  84  8:00  Probe x2  
  84  8:03  Zealot x3  
  92  8:06  Warp Prism (Chrono Boost)  
  94  8:13  Probe  
  94  8:14  Probe  
  96  8:23  Pylon  
  96  8:27  Probe x2  
  96  8:28  Probe  
  99  8:35  Pylon  
  99  8:41  Assimilator  
  99  8:42  Assimilator, High Templar x4  
  99  8:45  Probe  
  99  8:46  Archon, Shield Battery  
  99  8:47  Archon  
  99  8:48  Protoss Ground Weapons Level 2 (Chrono Boost)  
  108  8:55  Shield Battery  
  108  9:03  Probe x3  
  108  9:06  Pylon  
  108  9:07  High Templar, Pylon  
  108  9:08  High Templar, Zealot  
  117  9:13  Archon  
  117  9:16  Gateway  
  117  9:18  Gateway  
  117  9:23  High Templar, Zealot  
  121  9:30  High Templar, Zealot x2  
  127  9:39  Pylon  
  127  9:40  Pylon  
  127  9:46  Archon  
  127  9:55  Nexus  
  127  9:56  High Templar x2, Zealot x3  
  137  10:00  Archon  
  137  10:04  Photon Cannon  
  137  10:09  Pylon  
  137  10:16  High Templar x2  
  137  10:17  Zealot x5  
  137  10:19  Observer  
  137  10:20  Archon  
  151  10:29  Pylon  
  116  10:43  Zealot  
  116  10:44  Zealot x6  
  116  10:45  Warp Prism (Chrono Boost)  
  88  11:00  High Templar x2  
  88  11:01  Probe x3  
  89  11:04  High Templar x2  
  89  11:05  Zealot x4  
  89  11:08  Archon  
  89  11:09  High Templar  
  103  11:11  Archon  
  103  11:15  Immortal (Chrono Boost)  
  106  11:25  High Templar  
  106  11:26  Zealot x3  
  106  11:30  Archon  
  112  11:34  High Templar x2  
  112  11:39  Archon  
  114  11:44  Stalker x2  
  114  11:45  Stalker  
  114  11:46  Immortal (Chrono Boost)  
  122  12:01  Robotics Bay  
  122  12:06  Robotics Facility  
  122  12:07  Zealot x4, Sentry  
  122  12:08  Zealot  
  131  12:09  Observer  
  131  12:16  Immortal (Chrono Boost)  
  135  12:27  Photon Cannon  
  135  12:35  High Templar x2  
  139  12:37  Nexus  
  139  12:39  Pylon  
  139  12:41  Archon  
  139  12:48  Disruptor (Chrono Boost)  
  142  12:53  Disruptor (Chrono Boost)  
  142  12:55  Probe x2  
  142  12:56  Probe  
  148  12:59  Shield Battery x2  
  148  13:00  Shield Battery x2  
  148  13:12  Stalker x3  
  150  13:13  Stalker  
  150  13:18  Zealot x2  
  152  13:23  Zealot  
  134  13:34  Zealot x2  
  134  13:38  Zealot x4  
  142  13:42  Zealot  
  124  13:50  Stalker x2  
  114  13:58  Disruptor (Chrono Boost)  
  117  14:03  Disruptor (Chrono Boost)  
  117  14:14  Stalker x3  
  117  14:16  Probe x3  
  126  14:23  Pylon  
  126  14:24  High Templar x3  
  126  14:25  High Templar  
  126  14:28  Disruptor (Chrono Boost)  
  126  14:29  Observer (Chrono Boost)  
  136  14:34  Archon x2  
  136  14:35  Probe  
  136  14:36  Probe x3  
  140  14:39  Zealot  
  142  14:51  Disruptor (Chrono Boost)  
  143  14:57  Disruptor (Chrono Boost)  
  124  15:05  Photon Cannon  
  124  15:09  Zealot x5  
  134  15:20  Probe x4  
  136  15:25  Disruptor (Chrono Boost)  
  131  15:30  Disruptor (Chrono Boost)  
  134  15:36  Zealot x3  
  134  15:37  Zealot  
  139  15:46  Stalker x2  
  139  15:47  Stalker  
  145  16:00  Stalker x4  
  145  16:04  Stalker x2  
  147  16:13  Zealot x3  
  129  16:28  Stalker x5  
  137  16:39  Zealot x3  
  128  16:41  Disruptor  
  94  16:55  Stalker x3  
  94  16:56  Zealot x2  
Tags
 
Add a new tag
Caveats
  • Supply blocks, unpowered buildings, or Contaminate may cause inaccurate times.
  • Supply counts are checked every 10 seconds.